 Dungeon Crawl Stone Soup version 0.30-a0-304-gdc4b735fe1 (webtiles) character file.

Game seed: 4930728679327167009

151 koil the Sneak (level 5, -3/27 HPs)
             Began as a Spriggan Brigand on Oct 20, 2022.
             Slain by an ogre
             ... wielding the +8 great mace "Hydrabane" {freeze, Contam rC+ MP+9}
              (30 damage)
             ... on level 3 of the Dungeon.
             The game lasted 00:07:36 (2649 turns).

koil the Sneak (Spriggan Brigand)                   Turns: 2649, Time: 00:07:37

Health: -3/27      AC:  3    Str:  7    XL:     5   Next: 11%
Magic:  7/7        EV: 18    Int: 15    God:
Gold:   198        SH:  0    Dex: 16    Spells: 6/6 levels left

rFire   . . .      SeeInvis +    a - +2 dagger
rCold   . . .      Faith    .    (no shield)
rNeg    . . .      Spirit   .    b - +0 robe
rPois   .          Reflect  .    (helmet restricted)
rElec   .          Harm     .    x - +0 cloak
rCorr   .          Rampage  .    (gloves unavailable)
Will    .....                    (boots unavailable)
Stlth   ++++......               (no amulet)
HPRegen 0.24/turn                (no ring)
MPRegen 0.10/turn                (no ring)

@: very quick
A: very small, no large weapons, unfitting armour, see invisible, speed 3
a: no special abilities


You were on level 3 of the Dungeon.
You visited 1 branch of the dungeon, and saw 3 of its levels.

You collected 198 gold pieces.

Inventory:

Hand Weapons
 a - a +2 dagger (weapon)
 q - a +0 dagger of electrocution
 u - a +0 dagger of freezing
 w - a +4 quarterstaff of chaos
Missiles
 d - 7 poisoned darts (quivered)
 e - 3 curare-tipped darts
Armour
 b - a +0 robe (worn)
 c - a +0 cloak
 x - a +0 cloak (worn)
Magical Staves
 i - a staff of cold
Wands
 t - a wand of flame (17)
Scrolls
 g - a scroll of immolation {unknown}
 h - 3 scrolls of identify {unknown}
 j - a scroll of torment {unknown}
 l - a scroll of fear {unknown}
 m - 2 scrolls of amnesia {unknown}
 o - a scroll of acquirement {unknown}
 r - a scroll of enchant weapon {unknown}
 s - 3 scrolls of butterflies {unknown}
Potions
 f - 2 potions of curing {unknown}
 k - a potion of attraction {unknown}
 n - a potion of lignification {unknown}
 p - 2 potions of mutation {unknown}
 v - a potion of heal wounds {unknown}


   Skills:
 + Level 2.4 Fighting
 + Level 3.3 Short Blades
 - Level 2.0 Throwing
 + Level 3.2 Dodging
 + Level 7.0 Stealth
 + Level 1.3 Spellcasting


You had 6 spell levels left.
You didn't know any spells.
Your spell library was empty.

Dungeon Overview and Level Annotations

Branches:
Dungeon (3/15)

Altars:
Ru

Shops:
D:1 =   D:2 ((?

Annotations:
D:3 NinjaNoafa's ghost, weakling MfGl


Innate Abilities, Weirdness & Mutations

You are very small and have problems with some larger weapons.
You are too small for most types of armour.
You have supernaturally acute eyesight. (SInv)
You cover ground extremely quickly. (Speed+++)


Message History

The ogre shouts! x2
There is a transporter here.
Your library has no spells.
Sorry, you're not good enough to have a special ability.
Unknown command.
Unknown command.
What are your orders? t - Shout!
Orders for allies: a - Attack new target. r - Retreat! s - Stop attacking. g - Guard the area. f - Follow me.
Anything else - Cancel.
You shout for attention!
What are your orders? t - Shout!
Orders for allies: a - Attack new target. r - Retreat! s - Stop attacking. g - Guard the area. f - Follow me.
Anything else - Cancel.
You shout for attention!
What are your orders? t - Shout!
Orders for allies: a - Attack new target. r - Retreat! s - Stop attacking. g - Guard the area. f - Follow me.
Anything else - Cancel.
You shout for attention!
What are your orders? t - Shout!
Orders for allies: a - Attack new target. r - Retreat! s - Stop attacking. g - Guard the area. f - Follow me.
Anything else - Cancel.
Okay, then.
You enter the transporter and appear at another place.
There is a transporter here.
You enter the transporter and appear at another place.
The ogre hits you with the +8 great mace "Hydrabane" {freeze, Contam rC+ MP+9}!!
Ouch! That really hurt!
You die...

#.# ##### ##.#.#.#.# #.#
#..########....##.# #.#
#..#.....§#.#.###.. #.#
#..#..##..#.#.# ###
#.#############..#.#..#O#.#)#
#.#...........#..#.#..#W#.#.#
#.#.#########.#.©#(.##..#...#
#.#.# #.........#)....©#...#
....####.####...@#..##..#...#
.............^..O#.#..#.#..)#
....####.####....#.#..#.#...#####
#.>...........#..#..##..#)......#
####.##.#####.#..#......#..####.#
#.##.#####.#..########..# #.#
#.##.##....##### #..#####.#
##.##.#...###### #........#
##..............# #.#####...


You could see an ogre.

Vanquished Creatures
  Crazy Yiuf (D:3)
  3 gnolls (D:3)
  2 adders (D:2)
  2 worms
  4 dart slugs
  An orc (D:3)
  A ball python (D:3)
  5 bats
  5 endoplasms
  4 giant cockroaches (D:2)
  2 goblins
  4 hobgoblins
  5 jackals
  10 kobolds
  4 quokkas
  A frilled lizard (D:2)
  2 rats
56 creatures vanquished.

Notes
Turn   | Place    | Note
-------+----------+-------------------------------------------
     0 | D:1      | koil the Spriggan Brigand began the quest for the Orb.
     0 | D:1      | Reached XP level 1. HP: 10/10 MP: 2/2
     9 | D:1      | Found Jips's Jewellery Shop.
   124 | D:1      | Reached skill level 6 in Stealth
   197 | D:1      | Reached XP level 2. HP: 15/15 MP: 3/3
   911 | D:2      | Found Izistum's Antique Weapon Shop.
   927 | D:2      | Found Voahuc's Magic Scroll Boutique.
   947 | D:2      | Reached XP level 3. HP: 11/18 MP: 4/4
   984 | D:2      | Found Zextaetu's Weapon Emporium.
  1229 | D:2      | Found a sacrificial altar of Ru.
  1338 | D:2      | Reached XP level 4. HP: 23/23 MP: 5/5
  2073 | D:3      | Reached skill level 1 in Spellcasting
  2335 | D:3      | Noticed NinjaNoafa's ghost (weakling MfGl)
  2336 | D:3      | Found a transporter.
  2336 | D:3      | Noticed an ogre
  2337 | D:3      | Identified the +8 great mace "Hydrabane" {freeze, Contam
                  | rC+ MP+9}
  2337 | D:3      | Noticed an ogre
  2414 | D:3      | Found a runed translucent door.
  2415 | D:3      | Noticed Crazy Yiuf
  2450 | D:3      | Killed Crazy Yiuf
  2451 | D:3      | Reached skill level 7 in Stealth
  2451 | D:3      | Reached XP level 5. HP: 5/27 MP: 4/7
  2635 | D:3      | Found a transporter.
  2649 | D:3      | Slain by an ogre

Illustrated notes

Levels and vault maps discovered:
D:1:      saegor_arrival_simple_d, layout_loops_ring, serial_shops, shop
D:2:      layout_loops_cross, serial_shops, shop, shop_coins,
          nicolae_shop_bloodbath_and_beyond, basic_altar
D:3:      layout_loops_ring, gammafunk_ghost_smash, uniq_crazy_yiuf_cottage

Skill      XL: |  1  2  3  4 |
---------------+-------------+-----
Stealth        | 6 7 |  7.0
Dodging        | 2 3 |  3.2
Fighting       | 2 |  2.4
Short Blades   | 3 |  3.3
Spellcasting   | 1 |  1.3
Throwing       | |  2.0

Action                   |  1- 3 |  4- 6 || total
-------------------------+-------+-------++-------
Melee: Dagger            |   116 |    87 ||   203
       Punch             |     1 |     1 ||     2
Throw: Dart              |     6 |    13 ||    19
 Stab: Sleeping          |    12 |     4 ||    16
       Distracted        |     1 |       ||     1
       Invisible         |       |     1 ||     1
Armor: Robe              |    16 |     5 ||    21
Dodge: Dodged            |    55 |    77 ||   132

Table legend: (Time is in decaauts)
 A = Elapsed time spent in this place.
 B = Non-inter-level travel time spent in this place.
 C = Inter-level travel time spent in this place.
 D = Time resting spent in this place.
 E = Time spent auto-exploring this place.
 F = Levels seen in this place.
 G = Mean time per level.
                   A        B        C        D        E       F      G
               +--------+--------+--------+--------+--------+-----+--------+
         Total |   1807 |   1711 |     96 |      0 |   1289 |   3 |  602.3 |
       Dungeon |   1807 |   1711 |     96 |      0 |   1289 |   3 |  602.3 |
               +--------+--------+--------+--------+--------+-----+--------+

Top non-repeatable levels by time:
     D:3: 756 daAuts
     D:2: 538 daAuts
     D:1: 513 daAuts
